 Dungeon Crawl Stone Soup version 0.26-a0-771-g060e6a62af (webtiles) character file.

Game seed: 14918212272814863858

19750 somkeydreadnuts the Destroyer (level 12, -1/75 HPs)
             Began as a Deep Elf Conjurer on Nov 8, 2020.
             Was an Elder of Vehumet.
             Splashed by a brown ugly thing's acid (5 damage)
             ... on level 14 of the Dungeon.
             The game lasted 01:28:22 (14452 turns).

somkeydreadnuts the Destroyer (Deep Elf Conjurer)  Turns: 14452, Time: 01:28:23

Health: -1/75      AC:  7    Str:  4    XL:     12   Next: 39%
Magic:  0/37       EV: 20    Int: 29    God:    Vehumet [****..]
Gold:   770        SH:  0    Dex: 13    Spells: 21/31 levels left

rFire    . . .     SeeInvis .   E - +3 rapier (chaos)
rCold    . . .     Faith    .   (no shield)
rNeg     . . .     Spirit   +   I - +0 troll leather armour
rPois    .         Reflect  .   o - +0 helmet
rElec    .         Harm     .   n - +1 cloak
rCorr    .         Rampage  .   k - +2 pair of gloves
MR       +....                  v - +0 pair of boots
Stlth    +++.......             m - amulet of guardian spirit
HPRegen  0.62/turn              g - ring of magical power
MPRegen  0.25/turn              l - +4 ring of evasion

@: corroded
A: no striking features
a: Renounce Religion


You were on level 14 of the Dungeon.
You worshipped Vehumet.
Vehumet was greatly pleased with you.
You visited 2 branches of the dungeon, and saw 14 of its levels.

You collected 770 gold pieces.

Inventory:

Hand Weapons
 E - a +3 rapier of chaos (weapon)
 H - a +2 short sword of distortion
Armour
 a - a +0 robe
 k - a +2 pair of gloves (worn)
 n - a +1 cloak (worn)
 o - a +0 helmet (worn)
 v - a +0 pair of boots (worn)
 I - a +0 troll leather armour (worn)
Jewellery
 c - an uncursed ring of poison resistance
 f - an uncursed ring of resist corrosion
 g - a ring of magical power (left hand)
 l - a +4 ring of evasion (right hand)
 m - an amulet of guardian spirit (around neck)
 p - an uncursed ring of ice
 x - an uncursed ring of stealth
 z - an uncursed ring of stealth
 A - a +6 ring of intelligence
Wands
 h - a wand of digging (7)
 C - a wand of random effects (21)
Scrolls
 b - 4 scrolls of teleportation
 i - 4 scrolls of remove curse
 s - a scroll of fear {unknown}
 t - 4 scrolls of identify
 u - 3 scrolls of random uselessness
 y - a scroll of fog {unknown}
 B - a scroll of enchant weapon
 D - a scroll of vulnerability {unknown}
 G - a scroll of immolation {unknown}
 J - 2 scrolls of blinking {unknown}
Potions
 d - 3 potions of heal wounds
 e - 8 potions of curing {unknown}
 j - 3 potions of berserk rage {unknown}
 q - 3 potions of haste {unknown}
 r - 4 potions of ambrosia {unknown}
 w - a potion of lignification
 F - a potion of degeneration {unknown}
 K - a potion of brilliance


   Skills:
 - Level 8.3 Fighting
 - Level 9.7 Dodging
 + Level 5.9 Stealth
 - Level 10.0 Spellcasting
 - Level 10.2 Conjurations
 - Level 8.9 Hexes
 - Level 10.1 Translocations


You had 21 spell levels left.
You knew the following spells:

 Your Spells              Type           Power        Failure   Level
a - Magic Dart            Conj           ####         1%          1
b - Searing Ray           Conj           ######       1%          2
c - Iskenderun's Mystic   Conj/Tloc      ######..     1%          4
d - Inner Flame           Hex/Fire       #####...     1%          3

Your spell library contained the following spells:

 Spells                   Type           Power        Failure   Level
 Ignite Poison            Fire/Tmut/Pois ##......     5%          3
 Sandblast                Erth           ##....       1%          1
 Dazzling Flash           Conj/Hex       ######       1%          3
 Stone Arrow              Conj/Erth      #####.       1%          3
 Fulminant Prism          Conj/Hex       ######....   1%          4
 Passwall                 Tmut/Erth      ##......     10%         2
 Lee's Rapid Deconstruct  Erth           ##........   41%         5
 Petrify                  Tmut/Erth      ##......     54%         4


Dungeon Overview and Level Annotations

Branches:
Dungeon (14/15)            Temple (1/1) D:7            Lair (0/6) D:11
    Orc (0/2) D:9          Vaults (0/5) D:14

Altars:
Ashenzari
Cheibriados
Dithmenos
Elyvilon
Fedhas
Gozag
Hepliaklqana
Kikubaaqudgha
Makhleb
Nemelex Xobeh
Okawaru
Qazlal
Ru
Sif Muna
Trog
Uskayaw
Vehumet
Wu Jian
Xom
Yredelemnul
Zin
The Shining One

Shops:
D:3 *   D:4 !=!   D:8 (   D:9 }

Annotations:
D:14 Azrael


Message History

Vehumet accepts your kill.
You feel your power returning.
The searing ray hits the brown ugly thing!
The brown ugly thing is severely wounded.
The searing ray misses the brown ugly thing.
The searing ray hits the white ugly thing!
The white ugly thing is lightly wounded.
The brown ugly thing headbutts you.
* * * LOW HITPOINT WARNING * * *
You are splashed with acid!
* * * LOW HITPOINT WARNING * * *
The searing ray hits the brown ugly thing!
The brown ugly thing is almost dead.
The searing ray hits the brown ugly thing.
The brown ugly thing is moderately wounded.
The searing ray misses the white ugly thing.
You finish channeling your searing ray.
The brown ugly thing headbutts you.
* * * LOW HITPOINT WARNING * * *
The acid corrodes you!
You are splashed with acid.
You die...

......# .............#.#.#......
###################'#............
......................#.###.....(
........................#∩.......
..#...................#.#........
.)#..........................#...
........##...#####.......(...#...
.............#####...........#...
...u..(.....†uuu@<...........#...
#####################.....####.##
#####......# ########


You could see 3 ugly things.

Vanquished Creatures
  Snorg (D:10)
  An ogre mage (D:14)
  4 two-headed ogres
  A centaur warrior (D:14)
  A dancing weapon (D:6)
  Sonja (D:10)
  Pikel (D:4)
  3 ugly things (D:14)
  6 orange demons (D:10)
  The ghost of Triangle the Shield-Bearer, a novice FoFi (D:5)
  A red devil (D:10)
  4 trolls
  A slime creature (D:14)
  2 wraiths
  12 yaks
  A spriggan (D:7)
  A wyvern (D:10)
  A basilisk (D:11)
  2 fire elementals (D:14)
  2 water moccasins
  4 orc warriors
  3 ice beasts
  3 black bears
  3 sky beasts
  3 ogres
  16 centaurs
  2 phantoms (D:5)
  2 lemures (D:4)
  7 bullfrogs
  2 gnoll sergeants (D:8)
  A scorpion (D:4)
  14 wights
  5 howler monkeys (D:7)
  A bullfrog zombie (D:9)
  A centaur zombie (D:10)
  2 quasits
  8 orc wizards
  4 orc priests
  Crazy Yiuf (D:7)
  3 centaur skeletons
  3 hounds
  4 jellies
  2 bullfrog skeletons (D:5)
  4 iguanas
  3 worker ants
  The ghost of DarkMailMan the Sneak, a weakling FeDe (D:6)
  A worker ant zombie (D:9)
  18 gnolls
  15 adders
  2 shadow imps
  2 white imps
  An ufetubus (D:6)
  5 oozes
  2 adder skeletons
  5 worms
  A dart slug (D:2)
  5 leopard geckos
  28 orcs
  6 giant cockroaches
  4 goblins
  6 hobgoblins
  18 jackals
  7 kobolds
  2 ball pythons
  14 bats
  4 frilled lizards
  A quokka skeleton (D:8)
  A quokka zombie (D:5)
  4 rats (D:3)
301 creatures vanquished.

Vanquished Creatures (others)
  3 plants (D:11)
3 creatures vanquished.

Grand Total: 304 creatures vanquished

Notes
Turn   | Place    | Note
-------+----------+-------------------------------------------
     0 | D:1      | somkeydreadnuts the Deep Elf Conjurer began the quest for
                  | the Orb.
     0 | D:1      | Reached XP level 1. HP: 10/10 MP: 6/6
   585 | D:1      | Reached XP level 2. HP: 15/15 MP: 5/8
  1029 | D:2      | Learned a level 2 spell: Searing Ray
  1098 | D:2      | Reached XP level 3. HP: 19/19 MP: 4/10
  1303 | D:2      | Reached skill level 5 in Spellcasting
  1512 | D:2      | Reached XP level 4. HP: 24/24 MP: 9/13
  1602 | D:2      | Learned a level 4 spell: Iskenderun's Mystic Blast
  2204 | D:3      | Found an opulent altar of Gozag.
  2237 | D:3      | Found Gozag's Platinum Reserve.
  2330 | D:3      | Found a sacrificial altar of Ru.
  2333 | D:3      | Reached skill level 5 in Conjurations
  2352 | D:3      | Reached XP level 5. HP: 28/28 MP: 9/15
  3164 | D:3      | Found an iron altar of Okawaru.
  3540 | D:4      | Found Kyguyf's Jewellery Boutique.
  3542 | D:4      | Found Ganog's Distillery.
  3654 | D:4      | Reached XP level 6. HP: 32/32 MP: 6/17
  4473 | D:4      | Noticed Pikel
  4482 | D:4      | Killed Pikel
  4482 | D:4      | Reached XP level 7. HP: 36/36 MP: 4/18
  4716 | D:4      | Found Veivoapp's Distillery.
  5408 | D:5      | Entered Level 5 of the Dungeon
  5745 | D:5      | Reached skill level 10 in Conjurations
  5745 | D:5      | Reached XP level 8. HP: 32/41 MP: 5/19
  5872 | D:5      | Found a shadowy altar of Dithmenos.
  6107 | D:5      | Found a runed translucent door.
  6115 | D:5      | Found a burning altar of Makhleb.
  6322 | D:5      | Noticed Triangle's ghost (novice FoFi)
  6333 | D:5      | Killed Triangle's ghost
  6484 | D:6      | Reached skill level 5 in Translocations
  7091 | D:6      | Found a runed translucent door.
  7240 | D:6      | Found a shimmering altar of Xom.
  7240 | D:6      | Noticed DarkMailMan's ghost (weakling FeDe)
  7240 | D:6      | Noticed a +2 rapier of chaos
  7342 | D:6      | Killed DarkMailMan's ghost
  7343 | D:6      | Killed a +2 rapier of chaos
  7343 | D:6      | Reached XP level 9. HP: 38/45 MP: 12/20
  7917 | D:7      | Found a staircase to the Ecumenical Temple.
  7927 | Temple   | Entered the Ecumenical Temple
  8145 | D:7      | Found a blossoming altar of Fedhas.
  8194 | D:7      | Found a runed translucent door.
  8195 | D:7      | Noticed Crazy Yiuf
  8307 | D:7      | Killed Crazy Yiuf
  8396 | D:7      | Found an ornate altar of the Wu Jian Council.
  8397 | D:7      | Found a radiant altar of Vehumet.
  8406 | D:7      | Became a worshipper of Vehumet
  8739 | D:7      | Reached skill level 10 in Translocations
  8939 | D:7      | Reached skill level 1 in Fighting
  9346 | D:8      | Reached * piety under Vehumet
  9346 | D:8      | Offered knowledge of Sandblast by Vehumet.
  9671 | D:8      | Noticed a two-headed ogre
  9680 | D:8      | Killed a two-headed ogre
  9680 | D:8      | Reached skill level 5 in Fighting
  9680 | D:8      | Reached XP level 10. HP: 49/59 MP: 17/21
  9968 | D:8      | Found Qatwuir's Weapon Shoppe.
 10117 | D:8      | Found a snail-covered altar of Cheibriados.
 10137 | D:8      | Offered knowledge of Freeze by Vehumet.
 10362 | D:8      | Found a white marble altar of Elyvilon.
 10456 | D:8      | Reached ** piety under Vehumet
 10583 | D:9      | Found Ratuquar's Gadget Shop.
 10779 | D:9      | Found an ancient bone altar of Kikubaaqudgha.
 11382 | D:9      | Found a staircase to the Orcish Mines.
 11457 | D:10     | Entered Level 10 of the Dungeon
 11703 | D:10     | Noticed an orange demon
 11710 | D:10     | Offered knowledge of Inner Flame by Vehumet.
 11710 | D:10     | Noticed an orange demon
 11712 | D:10     | Killed an orange demon
 11712 | D:10     | Noticed an orange demon
 11720 | D:10     | Killed an orange demon
 11720 | D:10     | Reached skill level 5 in Dodging
 11720 | D:10     | Reached XP level 11. HP: 53/69 MP: 5/22
 11901 | D:10     | Reached *** piety under Vehumet
 11906 | D:10     | Learned a level 3 spell: Inner Flame
 12156 | D:10     | Noticed Sonja
 12164 | D:10     | Killed Sonja
 12518 | D:10     | Noticed a two-headed ogre
 12523 | D:10     | Killed a two-headed ogre
 12763 | D:10     | Offered knowledge of Sticky Flame by Vehumet.
 12893 | D:10     | Noticed Snorg
 12904 | D:10     | Killed Snorg
 13017 | D:11     | Reached skill level 5 in Hexes
 13150 | D:11     | Reached **** piety under Vehumet
 13284 | D:11     | Found a staircase to the Lair.
 13352 | D:11     | You fall into a shaft and drop 3 floors!
 13352 | D:14     | Found a blossoming altar of Fedhas.
 13354 | D:14     | Noticed Azrael
 13356 | D:14     | Noticed a centaur warrior
 13368 | D:14     | Noticed a white ugly thing
 13369 | D:14     | Noticed a white ugly thing
 13371 | D:14     | Noticed a white ugly thing
 13372 | D:14     | Noticed a white ugly thing
 13372 | D:14     | Noticed a white ugly thing
 13373 | D:14     | Offered knowledge of Ignite Poison by Vehumet.
 13716 | D:14     | Noticed an ogre mage
 13725 | D:14     | Killed an ogre mage
 13725 | D:14     | Reached XP level 12. HP: 68/75 MP: 22/24
 13755 | D:14     | Noticed a two-headed ogre
 13767 | D:14     | Killed a two-headed ogre
 13896 | D:14     | Noticed a two-headed ogre
 13912 | D:14     | Killed a two-headed ogre
 13932 | D:14     | Found a gate to the Vaults.
 13960 | D:13     | Noticed a centaur warrior
 13960 | D:13     | Noticed a four-headed hydra
 14170 | D:14     | Killed a centaur warrior
 14172 | D:14     | Reached skill level 10 in Spellcasting
 14450 | D:14     | Reached skill level 5 in Stealth
 14452 | D:14     | Splashed by a brown ugly thing's acid

Illustrated notes

Levels and vault maps discovered:
D:1:      minmay_arrival_checkered_box, layout_loops_corners,
          palyth_stone_intersect, minmay_misc_feat_square, minivault_25,
          minmay_misc_feat_room
D:2:      layout_loops_ring, minmay_hexomino_u4
D:3:      layout_basic, lemuel_coloured_pillars_altar,
          nicolae_gozag_zags_fifth_avenue, nicolae_ru_great_annihilating_truth,
          cheibrodos_sewer_entry_bend
D:4:      layout_loops_corners, serial_shops, shop, kennysheep_little_box, shop,
          uniq_pikel
D:5:      layout_basic, kennysheep_mini_moat, ebering_ghost_sewer_d,
          grunt_dithmenos_shadows
D:6:      layout_loops_ring, ebering_ghost_xom, kennysheep_generic_room_12
D:7:      layout_loops_corners, gammafunk_temple_overflow_pools,
          lemuel_doored_altar, minmay_temple_entry_poolview, the_bakery,
          uniq_crazy_yiuf_cottage
D:8:      layout_loops_ring, kennysheep_mini, old_standard_altar, serial_shops,
          nicolae_shop_stone
D:9:      layout_rooms, lemuel_round_altar, orc_0_dummy, serial_shops,
          nicolae_shop_statue_plus
D:10:     layout_basic, minmay_beelzebubs_servants, uniq_sonja, uniq_snorg
D:11:     lemuel_flame_loot_2, layout_basic, minmay_lair_entry_grove,
          doesnt_xom_only_xom
D:13:     layout_rooms, uniq_kirke, uniq_maurice
D:14:     layout_stronghold, david_vaults_2, portal_ice_cave_entry_pillars_1,
          fedhas_altar_2, serial_shops, shop, minmay_diced_spiral, uniq_roxanne,
          uniq_azrael
Temple:   minmay_temple_bridge_abc

Skill      XL: |  1  2  3  4  5  6  7  8  9 10 11 12 |
---------------+-------------------------------------+-----
Spellcasting   | 4 5 6 7 10 | 10.0
Conjurations   | 5 6 9 10 | 10.2
Translocations | 8 10 | 10.1
Fighting       | 5 8 |  8.3
Dodging        | 5 9 |  9.7
Hexes          | 8 |  8.9
Stealth        | 5 |  5.9

Action                   |  1- 3 |  4- 6 |  7- 9 | 10-12 || total
-------------------------+-------+-------+-------+-------++-------
Melee: Halberd           |       |     3 |     3 |       ||     6
       Rapier            |       |       |       |     5 ||     5
 Cast: Magic Dart        |    64 |   135 |   143 |   134 ||   476
       Searing Ray       |       |    17 |    36 |    69 ||   122
       Iskenderun's Myst |       |       |    10 |    49 ||    59
       Inner Flame       |       |       |       |     2 ||     2
Evoke: Wand              |       |       |     4 |     1 ||     5
  Use: Scroll            |       |     5 |     5 |     3 ||    13
       Potion            |       |       |     8 |       ||     8
Armor: Robe              |     3 |     1 |    10 |    11 ||    25
       Troll leather arm |       |       |       |    18 ||    18
Dodge: Dodged            |     6 |    31 |    44 |   128 ||   209

Table legend: (Time is in decaauts)
 A = Elapsed time spent in this place.
 B = Non-inter-level travel time spent in this place.
 C = Inter-level travel time spent in this place.
 D = Time resting spent in this place.
 E = Time spent auto-exploring this place.
 F = Levels seen in this place.
 G = Mean time per level.
                   A        B        C        D        E       F      G
               +--------+--------+--------+--------+--------+-----+--------+
         Total |  14467 |  14412 |     55 |      0 |  10261 |  14 | 1033.4 |
       Dungeon |  14339 |  14284 |     55 |      0 |  10261 |  13 | 1103.0 |
        Temple |    127 |    127 |      0 |      0 |      0 |   1 |  127.0 |
               +--------+--------+--------+--------+--------+-----+--------+

Top non-repeatable levels by time:
    D:10: 1771 daAuts
     D:4: 1747 daAuts
     D:3: 1577 daAuts
     D:8: 1460 daAuts
     D:7: 1422 daAuts
    D:14: 1098 daAuts
     D:6: 1085 daAuts
     D:2: 1074 daAuts
     D:5: 1063 daAuts
     D:1: 1009 daAuts
     D:9: 894 daAuts
    D:11: 130 daAuts
  Temple: 127 daAuts
    D:13: 2 daAuts
